 Dungeon Crawl Stone Soup version 0.30.1 (webtiles) character file.

Game seed: 16721029145035344312

10 Arctor the Insei (level 2, -3/18 HPs)
             Began as an Octopode Transmuter on July 9, 2023.
             Slain by a quokka (4 damage)
             ... on level 1 of the Dungeon.
             The game lasted 00:00:12 (205 turns).

Arctor the Insei (Octopode Transmuter)               Turns: 205, Time: 00:00:13

Health: -3/18      AC:  1    Str:  9    XL:     2   Next: 20%
Magic:  4/5        EV: 13    Int: 15    God:
Gold:   23         SH:  0    Dex: 12    Spells: 4/5 levels left

rFire   . .          .
                       - Unarmed
rCold   . . .        (no shield)
rNeg    . . .        (helmet currently unavailable)
rPois   .            (no amulet)
rElec   .            (no ring)
rCorr   .            (no ring)
SInv    .            (no ring)
Will    .....        (no ring)
Stlth   ++           (no ring)
HPRegen 0.23/turn    (no ring)
MPRegen 0.09/turn    (no ring)
                     (no ring)

%: no passive effects
@: appendages (expiring)
A: tentacle spike 3, almost no armour, amphibious, 8 rings, camouflage 1,
gelatinous body 1, (nimble swimmer 1), tentacles
a: End Transformation


You were on level 1 of the Dungeon.
One of your tentacles had grown a beastly spike.
You visited 1 branch of the dungeon, and saw 1 of its levels.

You collected 23 gold pieces.

Inventory:

Scrolls
 d - a scroll of identify {unknown}
 f - a scroll of enchant weapon {unknown}
Potions
 a - a potion of lignification
 b - a potion of heal wounds {unknown}
 c - a potion of berserk rage {unknown}
 e - a potion of ambrosia {unknown}


   Skills:
 + Level 1.2 Fighting
 + Level 2.1 Dodging
 + Level 3.1 Unarmed Combat
 + Level 2.1 Spellcasting
 + Level 2.1 Transmutations


You had 4 spell levels left.
You knew the following spells:

 Your Spells              Type           Power      Damage    Failure   Level
a - Beastly Appendage     Tmut           16%        N/A       9%          1

Your spell library contained the following spells:

 Spells                   Type           Power      Damage    Failure   Level
 Wereblood                Tmut           8%         N/A       14%         2
 Spider Form              Tmut/Pois      4%         N/A       38%         3
 Ice Form                 Ice/Tmut       4%         N/A       80%         4


Dungeon Overview and Level Annotations

Branches:
Dungeon (1/15)

Altars:


Innate Abilities, Weirdness & Mutations

One of your tentacles has grown a beastly spike.
You cannot wear most types of armour.
You are amphibious.
You can wear up to eight rings at the same time.
Your skin changes colour to match your surroundings (Stealth+).
Your rubbery body absorbs attacks. (AC +1, EV +1)
((You are camouflaged when in or above water. (Stealth+)))
You have tentacles for arms and can constrict up to eight enemies at once.


Message History

The goblin moves out of view.
You now have 23 gold pieces (gained 9).
One of your tentacles grows a vicious spike.
The goblin barely misses you.
You barely miss the goblin. Your grab misses the goblin.
Your squeeze misses the goblin.
The goblin hits you with a +2 dagger of flaming.
The goblin burns you.
A goblin is nearby!
You closely miss the goblin. You grab the goblin.
You pierce the goblin.
The goblin is moderately wounded.
You constrict the goblin.
A quokka comes into view.
The goblin hits you with a +2 dagger of flaming.
The goblin burns you.
You tentacle-slap the goblin.
You kill the goblin!
A quokka is nearby!
The quokka bites you.
Things that are here:
a +2 dagger of flaming; a goblin corpse A quokka is nearby!
You are too injured to fight recklessly!
You are too injured to fight recklessly!
You are too injured to fight recklessly!
You are too injured to fight recklessly!
Unknown command.
You closely miss the quokka. You grab the quokka.
Your transformation is almost over.
You constrict the quokka. The quokka bites you.
* * * LOW HITPOINT WARNING * * *
You tentacle-slap the quokka.
You pierce the quokka.
The quokka is heavily wounded.
You constrict the quokka, but do no damage.
The quokka bites you.
* * * LOW HITPOINT WARNING * * *
You tentacle-slap the quokka but do no damage.
The quokka is heavily wounded.
You constrict the quokka. The quokka bites you.
You die...

## .. #######
###.##.)...#
...........#
#r@...#
#.....#
#.....# #
#.#.###
..##.#.#.#
.......#.#
###..#
##.#.#####
#.###.###....


You could see a quokka.

Vanquished Creatures
  2 goblins (D:1)
  3 jackals (D:1)
  A bat (D:1)
  4 rats (D:1)
10 creatures vanquished.

Notes
Turn   | Place    | Note
-------+----------+-------------------------------------------
     0 | D:1      | Arctor the Octopode Transmuter began the quest for the Orb.
     0 | D:1      | Reached XP level 1. HP: 13/13 MP: 3/3
   114 | D:1      | Reached XP level 2. HP: 12/18 MP: 3/5
   205 | D:1      | Slain by a quokka

Illustrated notes

Levels and vault maps discovered:
D:1:      shiori_arrival_maze, layout_loops_cross

Action                     || total
---------------------------++-------
  Melee: Unarmed           ||    25
         Kick              ||     8
         Constrict         ||     7
         Punch             ||     1
         Tentacles         ||     2
   Cast: Beastly Appendage ||     6
   Stab: Sleeping          ||     1
 Armour: Skin              ||     1
  Dodge: Dodged            ||    20
